 Dungeon Crawl Stone Soup version 0.29.1-15-g9cfb28693d (webtiles) character file.

Game seed: 11253544031494104394

1593 112233 the Thaumaturge (level 8, -1/46 HPs)
             Began as an Octopode Conjurer on Feb 23, 2023.
             Was an Initiate of Gozag.
             Slain by an ice beast (5 damage)
             ... on level 6 of the Dungeon.
             The game lasted 00:05:47 (7311 turns).

112233 the Thaumaturge (Octopode Conjurer)          Turns: 7311, Time: 00:05:47

Health: -1/46      AC:  1    Str:  6    XL:     8   Next: 93%
Magic:  9/22       EV: 13    Int: 22    God:    Gozag
Gold:   382        SH:  0    Dex: 11    Spells: 22/27 levels left

rFire   . . .      SeeInvis .   h - +0 dagger (venom)
rCold   . . .      Faith    .   (no shield)
rNeg    . . .      Spirit   .   (helmet restricted)
rPois   .          Reflect  .   (no amulet)
rElec   .          Harm     .   (no ring)
rCorr   .          Rampage  .   (no ring)
Will    .....                   (no ring)
Stlth   +++.......              (no ring)
HPRegen 0.15/turn               (no ring)
MPRegen 0.18/turn               (no ring)
                                (no ring)
                                (no ring)

@: gold aura
A: almost no armour, amphibious, 8 rings, camouflage 1, gelatinous body 1,
(nimble swimmer 1), tentacles
a: Renounce Religion, Potion Petition, Call Merchant, Bribe Branch


You were on level 6 of the Dungeon.
You worshipped Gozag.
Gozag was aware of your devotion.
You visited 2 branches of the dungeon, and saw 7 of its levels.

You collected 446 gold pieces.
You paid 64 gold pieces to Gozag.

Inventory:

Hand Weapons
 f - a +0 dagger
 h - a +0 dagger of venom (weapon)
Missiles
 g - 7 poisoned darts
 k - 2 throwing nets
Scrolls
 e - 5 scrolls of identify
 i - a scroll of torment
 m - a scroll of butterflies
 n - a scroll of enchant armour {unknown}
 o - a scroll of immolation {unknown}
Potions
 a - a potion of magic
 b - a potion of curing
 c - a potion of lignification {unknown}
 d - a potion of ambrosia {unknown}
 j - a potion of invisibility {unknown}
 l - 2 potions of resistance {unknown}
 p - 2 potions of heal wounds


   Skills:
 - Level 2.0 Dodging
 - Level 2.8 Stealth
 + Level 10.2 Spellcasting
 - Level 4.0 Conjurations


You had 22 spell levels left.
You knew the following spells:

 Your Spells              Type           Power      Damage    Failure   Level
a - Magic Dart            Conj           100%       1d8       1%          1
b - Searing Ray           Conj           58%        2d6       1%          2
c - Blink                 Tloc           22%        N/A       9%          2

Your spell library contained the following spells:

 Spells                   Type           Power      Damage    Failure   Level
 Freeze                   Ice            44%        1d6       6%          1
 Dazzling Flash           Conj/Hex       40%        N/A       8%          3
 Ensorcelled Hibernation  Hex/Ice        22%        N/A       9%          2
 Frozen Ramparts          Ice            22%        1d4       19%         3
 Spider Form              Tmut/Pois      11%        N/A       19%         3
 Fulminant Prism          Conj/Hex       10%        3d9       26%         4
 Hailstorm                Conj/Ice       20%        3d6       26%         4
 Iskenderun's Mystic Bla  Conj/Tloc      20%        2d6       26%         4
 Anguish                  Hex/Necr       5%         N/A       52%         4
 Manifold Assault         Tloc           11%        N/A       86%         5
 Dispersal                Tloc           5%         N/A       100%        6
 Storm Form               Tmut/Air       5%         N/A       100%        7
 Disjunction              Tloc           5%         N/A       100%        8


Dungeon Overview and Level Annotations

Branches:
Dungeon (6/15)             Temple (1/1) D:4

Altars:
Ashenzari
Cheibriados
Dithmenos
Elyvilon
Gozag
Hepliaklqana
Nemelex Xobeh
Okawaru
Qazlal
Ru
Sif Muna
Trog
Uskayaw
Vehumet
Wu Jian
Xom
Yredelemnul
Zin

Shops:
D:5 (

Annotations:
D:6 Eustachio


Innate Abilities, Weirdness & Mutations

You cannot wear most types of armour.
You are amphibious.
You can wear up to eight rings at the same time.
Your skin changes colour to match your surroundings (Stealth+).
Your rubbery body absorbs attacks. (AC +1, EV +1)
((You are camouflaged when in or above water. (Stealth+)))
You have tentacles for arms and can constrict up to eight enemies at once.


Message History

The searing ray misses the ice beast.
The searing ray hits the orc!
You kill the orc!
The searing ray hits the ice beast but does no damage.
The ice beast is heavily wounded.
You finish channelling your searing ray.
The ice beast hits you. The ice beast freezes you!
Unknown command.
Casting: Searing Ray (safe; 1% risk of failure)
Confirm with . or Enter, or press ? or * to list all spells.
Aiming: Searing Ray (safe; 1% risk of failure)
Press: ? - help, Shift-Dir - straight line, f/p - ice beast
Aim: an ice beast (heavily wounded, 79% to hit)
The searing ray hits the ice beast but does no damage.
The ice beast is heavily wounded. (Press . to maintain the ray.)
The ice beast hits you. The ice beast freezes you!
The searing ray hits the ice beast but does no damage.
The ice beast is heavily wounded.
The ice beast misses you.
The searing ray hits the ice beast.
The ice beast is heavily wounded.
The ice beast barely misses you.
The searing ray hits the ice beast.
The ice beast is heavily wounded.
You finish channelling your searing ray.
The ice beast hits you. The ice beast freezes you!
* * * LOW HITPOINT WARNING * * *
Casting: Searing Ray (safe; 1% risk of failure)
Confirm with . or Enter, or press ? or * to list all spells.
Aiming: Searing Ray (safe; 1% risk of failure)
Press: ? - help, Shift-Dir - straight line, f/p - ice beast
Aim: an ice beast (heavily wounded, 79% to hit)
The searing ray hits the ice beast.
The ice beast is severely wounded. (Press . to maintain the ray.)
The ice beast hits you.
* * * LOW HITPOINT WARNING * * *
The ice beast freezes you.
You die...
Your body crumbles into a pile of gold.

#.####.###..# .
..####)# #..# .##
... ##.....###.##
... ..@
##.####...## #.#
Y.# ##.# #..##
#.# ..# ##.# #..#
#.# $.##
##.####..## #.#
... ..........#
#######.###.#
##.#####..#
#.@Y..$#....#
...[......##
#.#####.#####
.#######..)####.#
#.#
#........#......#
#..
.#######...######
###. ## ##.## .#
# #.# # # #.# #
#.#


You could see an ice beast.

Vanquished Creatures
  Grinder (D:6)
  Sigmund (D:4)
  Menkaure (D:4)
  Edmund (D:5)
  An orc warrior (D:5)
  An ice beast (D:5)
  2 ogres (D:5)
  A kobold brigand (D:6)
  A necrophage (D:4)
  2 hounds (D:5)
  An orc priest (D:3)
  A jelly (D:6)
  3 iguanas
  3 orc wizards
  8 gnolls
  8 adders
  3 ufetubi
  3 worms
  2 dart slugs
  13 orcs
  2 endoplasms (D:2)
  A giant cockroach (D:3)
  3 goblins
  4 hobgoblins
  2 jackals (D:1)
  A quokka (D:4)
  5 ball pythons
  5 bats
  3 frilled lizards (D:2)
  6 kobolds
  7 rats
96 creatures vanquished.

Notes
Turn   | Place    | Note
-------+----------+-------------------------------------------
     0 | D:1      | 112233 the Octopode Conjurer began the quest for the Orb.
     0 | D:1      | Reached XP level 1. HP: 11/11 MP: 3/3
   292 | D:1      | Found a faded altar of an unknown god.
   506 | D:1      | Reached XP level 2. HP: 11/17 MP: 0/5
  1302 | D:2      | Reached skill level 3 in Spellcasting
  1302 | D:2      | Reached XP level 3. HP: 21/21 MP: 1/7
  1367 | D:2      | Found a sacrificial altar of Ru.
  1900 | D:3      | Reached XP level 4. HP: 27/27 MP: 3/9
  1903 | D:3      | Reached skill level 4 in Spellcasting
  2092 | D:3      | Learned a level 2 spell: Searing Ray
  2182 | D:3      | You fall into a shaft and drop 3 floors!
  2252 | D:6      | Noticed an ice beast
  2295 | D:6      | Reached XP level 5. HP: 31/31 MP: 7/11
  2334 | D:6      | Noticed a kobold brigand
  2352 | D:5      | Entered Level 5 of the Dungeon
  2460 | D:5      | Noticed an ogre
  2468 | D:5      | Found Orel's Weapon Emporium.
  2539 | D:4      | Reached skill level 5 in Spellcasting
  2874 | D:4      | Noticed Sigmund
  2885 | D:4      | Killed Sigmund
  2886 | D:4      | Reached skill level 6 in Spellcasting
  2886 | D:4      | Reached XP level 6. HP: 24/36 MP: 1/15
  3202 | D:4      | Found a staircase to the Ecumenical Temple.
  3462 | D:4      | Noticed Menkaure
  3536 | Temple   | Entered the Ecumenical Temple
  3633 | Temple   | Became a worshipper of Gozag Ym Sagoz the Greedy
  3844 | D:4      | Reached XP level 7. HP: 41/41 MP: 12/16
  4096 | D:4      | Killed Menkaure
  4097 | D:4      | Reached skill level 7 in Spellcasting
  4751 | D:3      | Learned a level 2 spell: Blink
  4869 | D:3      | Found an iron altar of Okawaru.
  5006 | D:3      | Found a bloodstained altar of Trog.
  5007 | D:3      | Found a shimmering blue altar of Sif Muna.
  5012 | D:3      | Found a radiant altar of Vehumet.
  5013 | D:3      | Found a stormy altar of Qazlal.
  5013 | D:3      | Found a hide-covered altar of Uskayaw.
  5015 | D:3      | Found a shimmering altar of Xom.
  5016 | D:3      | Found a shadowy altar of Dithmenos.
  5017 | D:3      | Found an ornate altar of the Wu Jian Council.
  5228 | D:5      | Reached skill level 8 in Spellcasting
  5234 | D:5      | Reached XP level 8. HP: 15/46 MP: 0/20
  5964 | D:5      | Noticed Edmund
  6013 | D:5      | Killed Edmund
  6014 | D:5      | Reached skill level 9 in Spellcasting
  6968 | D:6      | Noticed Grinder
  6990 | D:6      | Killed Grinder
  6991 | D:6      | Reached skill level 10 in Spellcasting
  7293 | D:6      | Noticed Eustachio
  7311 | D:6      | Slain by an ice beast

Illustrated notes

Levels and vault maps discovered:
D:1:      eino_arrival_water_star, layout_rooms,
          ebering_ecumenical_altar_abandoned, minmay_quantized
D:2:      layout_basic, basic_altar, dk_noncrumbling_4
D:3:      layout_rooms, minitemple, okawaru_ov_weapons_minmay
D:4:      minmay_skewed_foursquare, layout_gridville, temple_hall, uniq_sigmund,
          uniq_menkaure
D:5:      layout_basic, serial_shops, shop, nrook_campfire,
          chequers_serial_rivers_small_b, uniq_edmund
D:6:      layout_loops_ring, tgw_kikubaaqudgha,
          mainiacjoe_overflow_tiny_flanked, uniq_grinder, uniq_pikel,
          uniq_eustachio
Temple:   nicolae_temple_two_arcs

Skill      XL: |  1  2  3  4  5  6  7  8 |
---------------+-------------------------+-----
Spellcasting   | 3 4 6 8 10 | 10.2
Dodging        | |  2.0
Stealth        | |  2.8
Conjurations   | |  4.0

Action                   |  1- 3 |  4- 6 |  7- 9 || total
-------------------------+-------+-------+-------++-------
Melee: Unarmed           |    17 |       |       ||    17
       Constrict         |     5 |     1 |       ||     6
       Tentacles         |     4 |     1 |       ||     5
       Dagger            |     2 |     8 |       ||    10
 Cast: Magic Dart        |    53 |    64 |    79 ||   196
       Searing Ray       |       |    10 |    29 ||    39
  Use: Scroll            |     3 |       |       ||     3
       Potion            |     1 |     3 |       ||     4
Armor: Skin              |     1 |     3 |     1 ||     5
Dodge: Dodged            |    15 |    16 |    25 ||    56
